 Dungeon Crawl Stone Soup version 0.29-a0-575-g0dc89cf053 (webtiles) character file.

Game seed: 14091614930631269347

154 xian the Conjurer (level 4, -1/34 HPs)
             Began as a Demigod Conjurer on June 13, 2022.
             Slain by Grinder (3 damage)
             ... while paralysed by Grinder
             ... on level 2 of the Dungeon.
             The game lasted 00:05:47 (3257 turns).

xian the Conjurer (Demigod Conjurer)                Turns: 3257, Time: 00:05:47

Health: -1/34      AC:  4    Str:  8    XL:     4   Next: 89%
Magic:  2/10       EV:  2    Int: 24    God:
Gold:   136        SH:  0    Dex: 12    Spells: 4/7 levels left

rFire   . . .      SeeInvis .   c - +2 dagger (drain)
rCold   . . .      Faith    .   (no shield)
rNeg    . . .      Spirit   .   a - +0 robe
rPois   .          Reflect  .   f - +1 helmet
rElec   .          Harm     .   (no cloak)
rCorr   .          Rampage  .   (no gloves)
Will    .....                   (no boots)
Stlth   ++........              (no amulet)
HPRegen 0.11/turn               (no ring)
MPRegen 0.12/turn               (no ring)

@: paralysed
A: high MP 1, forlorn, divine attributes
a: no special abilities


You were on level 2 of the Dungeon.
You visited 1 branch of the dungeon, and saw 3 of its levels.

You collected 136 gold pieces.

Inventory:

Hand Weapons
 c - a +2 dagger of draining (weapon)
Missiles
 d - 4 javelins
Armour
 a - a +0 robe (worn)
 f - a +1 helmet (worn)
Scrolls
 i - a scroll of teleportation {unknown}
Potions
 b - a potion of magic
 e - 2 potions of haste {unknown}
 h - a potion of might {unknown}
 j - a potion of attraction {unknown}
 k - 2 potions of degeneration {unknown}
 l - a potion of cancellation {unknown}
 m - a potion of curing {unknown}


   Skills:
 + Level 0.4 Fighting
 + Level 0.4 Short Blades
 + Level 2.2 Dodging
 + Level 2.2 Stealth
 + Level 2.3 Spellcasting
 + Level 5.1 Conjurations


You had 4 spell levels left.
You knew the following spells:

 Your Spells              Type           Power      Damage    Failure   Level
a - Magic Dart            Conj           100%       1d8       1%          1
b - Searing Ray           Conj           54%        2d6       2%          2

Your spell library contained the following spells:

 Spells                   Type           Power      Damage    Failure   Level
 Dazzling Flash           Conj/Hex       30%        N/A       12%         3
 Fulminant Prism          Conj/Hex       7%         3d7       38%         4
 Iskenderun's Mystic Bla  Conj/Tloc      15%        2d5       38%         4
 Anguish                  Hex/Necr       1%         N/A       75%         4
 Enfeeble                 Hex            1%         N/A       100%        7


Dungeon Overview and Level Annotations

Branches:
Dungeon (3/15)

Annotations:
D:2 Grinder


Innate Abilities, Weirdness & Mutations

You have an increased reservoir of magic. (+10% MP)
You shall have no god before yourself.
Your divine heritage dramatically boosts your attributes as you level up.


Message History

(Press . to maintain the ray.) Grinder blinks!
There is a stone staircase leading up here.
Grinder gestures at you.
You suddenly lose the ability to move!
Grinder gestures at you.
You shrug off the repeated paralysis!
You can move again.
You climb upwards.
There is a stone staircase leading down here.
You hit Grinder but do no damage.
Grinder is severely wounded.
You hit Grinder.
Grinder is severely wounded.
Grinder gestures at you.
You barely resist. You hit Grinder.
Grinder is almost dead.
Grinder blinks!
You barely miss Grinder.
Grinder is almost dead.
Grinder gestures at you.
You suddenly lose the ability to move!
Grinder hits you.
You writhe in agony.
You can move again.
You hit Grinder but do no damage.
Grinder is almost dead.
Grinder hits you!
* * * LOW HITPOINT WARNING * * *
You writhe in agony.
* * * LOW HITPOINT WARNING * * *
You hit Grinder.
Grinder is almost dead.
Grinder gestures at you.
You suddenly lose the ability to move!
Grinder hits you but does no damage. Grinder hits you.
* * * LOW HITPOINT WARNING * * *
You writhe in agony.
You die...

....# #.### ###### #.#
#....# #.# ♣.♣♣.# ..#
♣♣.♣♣.# ### ♣..♣♣.#
♣♣.P♣.#### ♣♣.♣♣.5..##
♣...♣##@#.## ♣..♣♣#>###.##
♣..♣♣.## ##.####
########♣♣.♣♣#.###.....##
#....[..♣♣.♣♣##.#.##....##
#.##.............###.#.#.#
#.##.##.########## #....##
#.#..##.# ##..## #.#.###.#
####### #.##


You could see Grinder.

Vanquished Creatures
  Terence (D:2)
  7 adders (D:2)
  A worm (D:2)
  A dart slug (D:1)
  An orc (D:2)
  8 endoplasms
  3 giant cockroaches
  8 goblins
  4 hobgoblins
  3 jackals (D:2)
  11 ball pythons
  4 frilled lizards
  4 kobolds
  7 rats
63 creatures vanquished.

Notes
Turn   | Place    | Note
-------+----------+-------------------------------------------
     0 | D:1      | xian the Demigod Conjurer began the quest for the Orb.
     0 | D:1      | Reached XP level 1. HP: 14/14 MP: 5/5
   362 | D:1      | Reached skill level 4 in Conjurations
   656 | D:1      | Reached XP level 2. HP: 20/20 MP: 4/7
  1694 | D:2      | Reached XP level 3. HP: 22/26 MP: 3/8
  2130 | D:2      | Reached XP level 4. HP: 33/33 MP: 1/9
  2138 | D:2      | Noticed Terence
  2163 | D:2      | Killed Terence
  2331 | D:2      | Learned a level 2 spell: Searing Ray
  2422 | D:2      | Reached skill level 5 in Conjurations
  3216 | D:3      | Noticed Grinder
  3216 | D:3      | Paralysed by Grinder for 5 turns
  3229 | D:3      | Paralysed by Grinder for 4 turns
  3239 | D:3      | Paralysed by Grinder for 4 turns
  3245 | D:3      | Paralysed by Grinder for 2 turns
  3252 | D:2      | Paralysed by Grinder for 2 turns
  3255 | D:2      | Paralysed by Grinder for 5 turns
  3257 | D:2      | Slain by Grinder

Illustrated notes

Levels and vault maps discovered:
D:1:      lemuel_arrival_lava_pool, layout_loops_corners,
          ebering_ecumenical_altar_abandoned, minmay_split_cup_large
D:2:      wander_river, layout_loops_cross, serial_forest,
          infiniplex_forest_straight_5, infiniplex_forest_clump_long,
          infiniplex_forest_lined_room_2, infiniplex_forest_diagonal,
          minmay_snake_closets, uniq_terence
D:3:      layout_loops_ring, ebering_ghost_disaster_area,
          minmay_misc_feat_columns, minmay_misc_feat_tower, uniq_grinder,
          uniq_crazy_yiuf_cottage

Skill      XL: |  1  2  3  4 |
---------------+-------------+-----
Conjurations   | 4 5 |  5.1
Dodging        | 2 |  2.2
Stealth        | 2 |  2.2
Spellcasting   | 2 |  2.3
Fighting       | |  0.4
Short Blades   | |  0.4

Action                   |  1- 3 |  4- 6 || total
-------------------------+-------+-------++-------
Melee: Whip              |     6 |       ||     6
       Unarmed           |     1 |       ||     1
       Dagger            |     5 |    19 ||    24
       Punch             |     1 |       ||     1
 Cast: Magic Dart        |    88 |    41 ||   129
       Searing Ray       |       |     3 ||     3
  Use: Scroll            |     5 |       ||     5
       Potion            |       |     1 ||     1
Armor: Robe              |     9 |     9 ||    18
Dodge: Dodged            |    22 |    11 ||    33

Table legend: (Time is in decaauts)
 A = Elapsed time spent in this place.
 B = Non-inter-level travel time spent in this place.
 C = Inter-level travel time spent in this place.
 D = Time resting spent in this place.
 E = Time spent auto-exploring this place.
 F = Levels seen in this place.
 G = Mean time per level.
                   A        B        C        D        E       F      G
               +--------+--------+--------+--------+--------+-----+--------+
         Total |   3279 |   3230 |     49 |    270 |   2533 |   3 | 1093.0 |
       Dungeon |   3279 |   3230 |     49 |    270 |   2533 |   3 | 1093.0 |
               +--------+--------+--------+--------+--------+-----+--------+

Top non-repeatable levels by time:
     D:2: 1655 daAuts
     D:1: 1592 daAuts
     D:3: 31 daAuts
